 Dungeon Crawl Stone Soup version 0.28-a0-622-gbaef9634d7 (webtiles) character file.

Game seed: 16219162715787565779

69 ryw the Skirmisher (level 4, -4/37 HPs)
             Began as a Demonspawn Gladiator on Oct 7, 2021.
             Slain by a goblin (19 damage)
             ... on level 3 of the Dungeon on Oct 8, 2021.
             The game lasted 00:05:42 (4077 turns).

ryw the Skirmisher (Demonspawn Gladiator)           Turns: 4077, Time: 00:05:44

Health: -4/37      AC:  8    Str: 15    XL:     4   Next: 2%
Magic:  1/1        EV: 12    Int: 10    God:
Gold:   74         SH:  4    Dex: 14    Spells: 2/3 levels left

rFire   . . .      SeeInvis .   j - +1 hand axe (antimagic)
rCold   . . .      Faith    .   (no shield)
rNeg    . . .      Spirit   .   f - +0 robe {Will+}
rPois   .          Reflect  .   b - +0 helmet
rElec   .          Harm     .   (no cloak)
rCorr   .          Rampage  .   h - +0 pair of gloves
Will    +....                   (no boots)
Stlth   +.........              (no amulet)
HPRegen 0.12/turn               (no ring)
MPRegen 0.07/turn               (no ring)

@: no status effects
A: icemail 1, condensation shield
a: no special abilities


You were on level 3 of the Dungeon.
You visited 1 branch of the dungeon, and saw 3 of its levels.

You collected 170 gold pieces.
You spent 96 gold pieces at shops.

Inventory:

Hand Weapons
 j - a +1 antimagic hand axe (weapon)
Missiles
 c - 3 throwing nets (quivered)
Armour
 b - a +0 helmet (worn)
 f - a +0 robe of willpower (worn)
 h - a +0 pair of gloves (worn)
Scrolls
 d - a scroll of enchant weapon {unknown}
 e - a scroll of holy word {unknown}
 g - 2 scrolls of amnesia {unknown}
Potions
 a - a potion of curing {unknown}
 i - a potion of degeneration {unknown}


   Skills:
 - Level 4.2 Fighting
 - Level 1.7 Throwing
 - Level 2.6 Dodging
 - Level 2.6 Unarmed Combat
 + Level 0.1 Spellcasting
 * Level 0.4 Summonings


You had 2 spell levels left.
You knew the following spells:

 Your Spells              Type           Power      Damage    Failure   Level
a - Summon Small Mammal   Summ           4%         N/A       30%         1

Your spell library contained the following spells:

 Spells                   Type           Power      Damage    Failure   Level
 Call Canine Familiar     Summ           1%         N/A       67%         3
 Summon Guardian Golem    Hex/Summ       0%         N/A       71%         3


Dungeon Overview and Level Annotations

Branches:
Dungeon (3/15)

Altars:
Gozag

Shops:
D:3 *


Innate Abilities, Weirdness & Mutations

A meltable icy envelope protects you from harm. (AC +4)
A meltable shield of frost defends you. (SH +4)


Message History

You hit the giant cockroach.
The giant cockroach is severely wounded.
The bat hits you. The giant cockroach barely misses you.
You hit the giant cockroach.
The giant cockroach is almost dead.
You barely miss the bat. The bat hits you. The bat closely misses you.
The giant cockroach closely misses you. The giant cockroach bites you.
You closely miss the giant cockroach.
The giant cockroach is almost dead.
You miss the goblin. You block the bat's attack. The goblin barely misses you.
The giant cockroach bites you but does no damage.
The goblin hits you but does no damage.
You hit the giant cockroach.
You kill the giant cockroach!
You barely miss the goblin. You block the bat's attack.
The goblin hits you with a +1 dagger of electrocution.
You are electrocuted!
You block the bat's attack.
You have reached level 4!
You feel stronger.
Your demonic ancestry asserts itself...
An icy envelope takes form around you.
You closely miss the goblin. You hit the bat but do no damage.
The bat misses you. The bat hits you but does no damage.
The goblin hits you with a +1 dagger of electrocution.
The bat barely misses you. The goblin misses you. The bat barely misses you.
The bat hits you but does no damage. The bat barely misses you.
You closely miss the bat. You block the bat's attack.
The bat hits you but does no damage.
You miss the bat. The bat barely misses you. The bat closely misses you.
You slash the bat!
You kill the bat!
You hit the goblin. Your punch misses the goblin.
The goblin is moderately wounded.
The goblin barely misses you.
The goblin hits you with a +1 dagger of electrocution.
You are electrocuted!!
Ouch! That really hurt!
You die...

#.#..#.+...'.#..##...
#.+..+###+###'..+....
###..#.......#..#..#.
#..#.......#..#.<..
###'###+###'####...
#####.#................
#>...(.................
#.########.........#...
#.....@g........†..+...
#########..........#...
#..........####
#..........# .
#..........# ...
#..........#
.....#.##########
................
................


You could see a goblin.

Vanquished Creatures
  3 worms (D:2)
  2 dart slugs
  7 endoplasms
  7 giant cockroaches
  A hobgoblin (D:2)
  4 quokkas
  5 ball pythons
  9 bats
  3 frilled lizards
  5 goblins
  3 kobolds
  4 rats
53 creatures vanquished.

Notes
Turn   | Place    | Note
-------+----------+-------------------------------------------
     0 | D:1      | ryw the Demonspawn Gladiator began the quest for the Orb.
     0 | D:1      | Reached XP level 1. HP: 16/16 MP: 1/1
   408 | D:1      | Gained mutation: A meltable shield of frost defends you.
                  | (SH +4) [demonic ancestry]
   408 | D:1      | Reached XP level 2. HP: 15/23 MP: 2/2
   674 | D:1      | Reached skill level 3 in Fighting
  1145 | D:2      | Reached XP level 3. HP: 11/29 MP: 3/3
  1975 | D:2      | You fall into a shaft and drop 1 floor!
  2345 | D:2      | Found a faded altar of an unknown god.
  3009 | D:2      | Reached skill level 4 in Fighting
  3413 | D:2      | Learned a level 1 spell: Summon Small Mammal
  3787 | D:3      | Found Purpho's Assorted Antiques.
  3804 | D:3      | Bought a runed hand axe for 96 gold pieces
  3999 | D:3      | Found an opulent altar of Gozag.
  4064 | D:3      | Gained mutation: A meltable icy envelope protects you from
                  | harm. (AC +4) [demonic ancestry]
  4064 | D:3      | Reached XP level 4. HP: 16/37 MP: 1/4
  4077 | D:3      | Slain by a goblin

Illustrated notes

Levels and vault maps discovered:
D:1:      scummos_arrival_star, layout_basic, corexii_leaking_fountain
D:2:      minmay_razor_zed, layout_basic, hellmonk_ecumenical_altar_zigzags,
          minmay_worlds_worst_comb
D:3:      layout_basic, mainiacjoe_overflow_24_doors, serial_shops, shop_coins

Skill      XL: |  1  2  3 |
---------------+----------+-----
Fighting       | 3 4 |  4.2
Throwing       | |  1.7
Dodging        | |  2.6
Unarmed Combat | |  2.6
Spellcasting   | |  0.1
Summonings     | |  0.4

Action                   |  1- 3 |  4- 6 || total
-------------------------+-------+-------++-------
Melee: Unarmed           |   124 |       ||   124
       Punch             |     2 |       ||     2
       Falchion          |   105 |       ||   105
       Hand axe          |    12 |     5 ||    17
  Use: Scroll            |     1 |       ||     1
       Potion            |     1 |       ||     1
 Stab: Sleeping          |     3 |       ||     3
Armor: Leather armour    |    59 |       ||    59
       Robe              |     8 |     3 ||    11
Dodge: Dodged            |   153 |     8 ||   161
Block: Other             |    37 |     1 ||    38

Table legend: (Time is in decaauts)
 A = Elapsed time spent in this place.
 B = Non-inter-level travel time spent in this place.
 C = Inter-level travel time spent in this place.
 D = Time resting spent in this place.
 E = Time spent auto-exploring this place.
 F = Levels seen in this place.
 G = Mean time per level.
                   A        B        C        D        E       F      G
               +--------+--------+--------+--------+--------+-----+--------+
         Total |   4109 |   4034 |     75 |   1430 |   1910 |   3 | 1369.7 |
       Dungeon |   4109 |   4034 |     75 |   1430 |   1910 |   3 | 1369.7 |
               +--------+--------+--------+--------+--------+-----+--------+

Top non-repeatable levels by time:
     D:2: 2150 daAuts
     D:1: 1548 daAuts
     D:3: 410 daAuts
